 Dungeon Crawl Stone Soup version 0.31-a0-889-g1a8549509d (webtiles) character file.

Game seed: 6097246190011769276

6367 Demosthentine the Fighter (level 10, -9/73 HPs)
             Began as a Demonspawn Gladiator on Oct 16, 2023.
             Was a Believer of Hepliaklqana.
             Mangled by a vampire
             ... wielding a +2 vampiric halberd
              (10 damage)
             ... in a bailey.
             The game lasted 00:10:37 (8088 turns).

Demosthentine the Fighter (Demonspawn Gladiator)    Turns: 8088, Time: 00:10:38

Health: -9/73      AC: 12    Str: 17    XL:     10   Next: 65%
Magic:  24/24      EV: 16    Int:  9    God:    Hepliaklqana [**....]
Gold:   487        SH:  0    Dex: 17    Spells: 9/9 levels left

rFire   + . .        z - +2 trident (heavy)
rCold   . . .        (no shield)
rNeg    . . .        b - +0 leather armour
rPois   .            c - +0 helmet
rElec   .            h - +1 cloak
rCorr   +            (no gloves)
SInv    .            p - +0 pair of boots
Will    .....        r - amulet of magic regeneration
Stlth   +            g - ring of protection from fire
HPRegen 0.32/turn    m - ring of magical power
MPRegen 0.59/turn

%: no passive effects
@: no status effects
A: reduced essence, yellow scales 3, ignite blood 1, powered by death 1, demonic
touch 1
a: Renounce Religion, Recall Ancestor, Ancestor Identity


You were in a bailey.
You worshipped Hepliaklqana.
Hepliaklqana was pleased with you.
You visited 2 branches of the dungeon, and saw 11 of its levels.
You also visited: Bailey.

You collected 487 gold pieces.

Inventory:

Hand Weapons
 a - a +1 trident of protection
 z - a +2 heavy trident (weapon)
Missiles
 d - 2 throwing nets (quivered)
 e - 3 javelins
Armour
 b - a +0 leather armour (worn)
 c - a +0 helmet (worn)
 h - a +1 cloak (worn)
 p - a +0 pair of boots (worn)
Jewellery
 g - a ring of protection from fire (left hand)
 m - a ring of magical power (right hand)
 r - an amulet of magic regeneration (around neck)
 y - a ring of protection from fire
 C - the ring "Qivvigeh" {Ice rCorr MP-9 Dex+2}
   (You found it on level 7 of the Dungeon)

   [ring of ice]

   Ice:       It enhances your ice magic.
   Dex+2:     It affects your dexterity (+2).
   rF-:       It makes you vulnerable to fire.
   rC+:       It protects you from cold.
   MP-9:      It affects your magic capacity (-9).
   rCorr:     It protects you from acid and corrosion.
 K - a +6 ring of strength
Wands
 q - a wand of polymorph (15)
 w - a wand of charming (19)
 B - a wand of flame (7)
 E - a wand of light (9)
 H - a wand of mindburst (5)
Scrolls
 f - 4 scrolls of teleportation
 k - a scroll of fog
 s - 2 scrolls of immolation
 t - a scroll of fear
 x - 3 scrolls of enchant weapon
 G - a scroll of vulnerability
Potions
 i - 3 potions of curing
 j - 3 potions of cancellation
 l - 3 potions of heal wounds
 n - a potion of ambrosia
 o - a potion of haste
 u - 2 potions of resistance
 v - a potion of enlightenment
 A - a potion of attraction
 D - a potion of invisibility
 F - 2 potions of lignification
 I - 2 potions of might {unknown}
 J - a potion of magic


   Skills:
 + Level 8.4 Fighting
 + Level 8.0 Polearms
 - Level 1.7 Throwing
 - Level 5.3 Armour
 + Level 8.0 Dodging
 + Level 7.0 Invocations


You had 9 spell levels left.
You didn't know any spells.
Your spell library contained the following spells:

 Spells                   Type           Power      Damage    Failure   Level
 Blink                    Tloc           0%         N/A       58%         2
 Call Canine Familiar     Summ           0%         N/A       82%         3
 Sigil of Binding         Hex            0%         N/A       82%         3
 Dimensional Bullseye     Hex/Tloc       0%         N/A       99%         4
 Leda's Liquefaction      Hex/Erth       0%         N/A       99%         4
 Manifold Assault         Tloc           0%         N/A       99%         4


Dungeon Overview and Level Annotations

Branches:
Dungeon (10/15)            Temple (1/1) D:5             Orc (0/2) D:10
 Bailey (1/1)
   Lair: D:8-11

Altars:
Ashenzari
Cheibriados
Dithmenos
Fedhas
Gozag
Hepliaklqana
Kikubaaqudgha
Makhleb
Nemelex Xobeh
Okawaru
Qazlal
Ru
Sif Muna
Trog
Uskayaw
Vehumet
Wu Jian
Xom
Yredelemnul

Shops:
D:7 =

Annotations:
D:8 3 runed translucent doors, Psyclone's ghost, novice DECj


Innate Abilities, Weirdness & Mutations

Your life essence is reduced to manifest your ancestor. (-10% HP)
You are completely covered in yellow scales. (AC +4, rCorr)
Your demonic aura sometimes causes spilled blood to erupt in flames.
You regenerate a little health from kills.
Your touch may inflict minor irresistible damage on your foes.


Message History

The vampire hits you with a +2 vampiric halberd!!
The vampire bites you.
The vampire draws strength from your injuries!
Nozipho points at the vampire and mumbles some strange words.
The vampire easily resists.
The vampire hits Nozipho with a +2 vampiric halberd!
The vampire bites Nozipho.
Nozipho closely misses the vampire.
You catch the helpless vampire completely off-guard!
You puncture the vampire!
The vampire is heavily damaged.
Nozipho points at the vampire and mumbles some strange words.
The vampire easily resists.
The vampire hits Nozipho with a +2 vampiric halberd!
The vampire bites Nozipho!
Nozipho misses the vampire.
You hit the vampire but do no damage.
The vampire is heavily damaged.
The vampire draws life force from you.
The vampire is healed by the life force!
Nozipho hits the vampire but does no damage. x2
The vampire closely misses you. The vampire completely misses you.
You puncture the vampire!
You touch the vampire!
The vampire is almost destroyed.
Nozipho hits the vampire but does no damage. x2
The vampire misses Nozipho.
The vampire bites Nozipho!
Nozipho is destroyed!
Unknown command.
Unknown command.
You hit the vampire but do no damage.
The vampire is almost destroyed.
The vampire draws life force from you!
* * * LOW HITPOINT WARNING * * *
The vampire is healed by the life force!
You barely miss the vampire.
The vampire is almost destroyed.
The vampire hits you with a +2 vampiric halberd!!
* * * LOW HITPOINT WARNING * * *
The vampire draws strength from your wounds!
The vampire bites you but does no damage.
The vampire hits you with a +2 vampiric halberd!
You die...

#......)).......8#
#......#....R....#
#8....##...##''###
#######...##....##
8......)##......#
8.......#...##...#
#########..## #..#
#..## ..# #8V@#
.8# ##:!..!!##
##.[[8## ######


You could see a vampire.

Vanquished Creatures
  A manticore (D:7)
  A gargoyle (Bailey)
  10 yaks
  2 acid dragons
  Duvessa (D:4)
  A sky beast (D:6)
  An orc warrior (D:9)
  3 ogres
  A phantom (D:5)
  2 bullfrogs
  2 gnoll sergeants
  A scorpion (D:6)
  2 wights (D:8)
  Dowan (D:4)
  3 killer bees (D:9)
  2 howler monkeys (D:8)
  4 hounds
  2 orc priests
  A gnoll bouda (D:8)
  Terence (D:2)
  6 orc wizards
  4 iguanas
  11 adders
  19 gnolls
  2 shadow imps
  A white imp (D:6)
  6 dart slugs
  33 orcs
  7 bats
  5 endoplasms
  6 giant cockroaches
  6 goblins
  7 hobgoblins
  4 jackals (D:1)
  5 quokkas
  6 ball pythons
  2 frilled lizards (D:2)
  6 kobolds
  10 orc zombies (Bailey)
  5 rats
193 creatures vanquished.

Vanquished Creatures (collateral kills)
  A two-headed ogre (D:10)
  4 yaks (D:9)
  A steam dragon (D:7)
  An orc warrior (D:8)
  An ice beast (D:6)
  An ogre (D:6)
  A gnoll sergeant (D:9)
  A wight (D:8)
  A killer bee (D:9)
  3 orc wizards
  6 gnolls
  3 goblins (D:10)
  2 orc zombies (Bailey)
26 creatures vanquished.

Vanquished Creatures (others)
  2 hexers
2 creatures vanquished.

Grand Total: 221 creatures vanquished

Notes
Turn   | Place    | Note
-------+----------+-------------------------------------------
     0 | D:1      | Demosthentine the Demonspawn Gladiator began the quest for
                  | the Orb.
     0 | D:1      | Reached XP level 1. HP: 16/16 MP: 1/1
    75 | D:1      | Gained mutation: You are partially covered in yellow
                  | scales. (AC +2) [demonic ancestry]
    75 | D:1      | Reached XP level 2. HP: 22/22 MP: 2/2
   155 | D:1      | Found a faded altar of an unknown god.
   369 | D:1      | Reached skill level 1 in Armour
   529 | D:1      | Reached XP level 3. HP: 13/28 MP: 3/3
  1049 | D:2      | Noticed Terence
  1080 | D:2      | Killed Terence
  1081 | D:2      | Gained mutation: Your demonic aura sometimes causes spilled
                  | blood to erupt in flames. [demonic ancestry]
  1081 | D:2      | Reached XP level 4. HP: 15/34 MP: 4/4
  2097 | D:4      | Reached XP level 5. HP: 41/41 MP: 5/5
  2453 | D:4      | Noticed an ogre
  2461 | D:4      | Killed an ogre
  2462 | D:4      | Gained mutation: You are mostly covered in yellow scales.
                  | (AC +3) [demonic ancestry]
  2462 | D:4      | Reached XP level 6. HP: 47/47 MP: 6/6
  2573 | D:4      | Noticed Duvessa
  2573 | D:4      | Noticed Dowan
  2619 | D:4      | Killed Duvessa
  2634 | D:4      | Killed Dowan
  2741 | D:4      | HP: 1/48 [ogre/+0 giant club (20)]
  2744 | D:4      | Reached XP level 7. HP: 2/54 MP: 7/7
  3391 | D:5      | Entered Level 5 of the Dungeon
  3439 | D:5      | Found a staircase to the Ecumenical Temple.
  3477 | Temple   | Entered the Ecumenical Temple
  3516 | Temple   | Became a worshipper of Hepliaklqana the Forgotten
  3620 | D:5      | Identified the +3 lajatang of Ajuamen {flame, rC- Str+4
                  | Dex+2}
  3762 | D:5      | Found a shadowy altar of Dithmenos.
  4388 | D:6      | Reached skill level 5 in Fighting
  4388 | D:6      | Reached skill level 5 in Polearms
  4388 | D:6      | Reached skill level 5 in Dodging
  4388 | D:6      | Gained mutation: You are completely covered in yellow
                  | scales. (AC +4, rCorr) [demonic ancestry]
  4388 | D:6      | Reached XP level 8. HP: 12/62 MP: 8/8
  4609 | D:6      | Reached * piety under Hepliaklqana
  5420 | D:7      | Identified the ring "Qivvigeh" {Ice rCorr MP-9 Dex+2}
  5470 | D:7      | Found Ahimoedy's Jewellery Boutique.
  5708 | D:7      | Reached skill level 5 in Armour
  5835 | D:7      | Noticed a manticore
  5852 | D:7      | Killed a manticore
  5853 | D:7      | Gained mutation: Your touch may inflict minor irresistible
                  | damage on your foes. [demonic ancestry]
  5853 | D:7      | Reached XP level 9. HP: 18/62 MP: 9/9
  6288 | D:8      | Found a runed translucent gate.
  6289 | D:8      | Found a runed translucent gate.
  6289 | D:8      | Found a runed translucent gate.
  6290 | D:8      | Found an opulent altar of Gozag.
  6292 | D:8      | Reached ** piety under Hepliaklqana
  6293 | D:8      | Remembered your ancestor Nozipho as a hexer
  6294 | D:8      | Noticed Psyclone's ghost (novice DECj)
  6297 | D:8      | Noticed a centaur warrior
  6297 | D:8      | Noticed a two-headed ogre
  6454 | D:8      | Reached skill level 1 in Invocations
  7405 | D:9      | Reached skill level 5 in Invocations
  7405 | D:9      | Gained mutation: You regenerate a little health from kills.
                  | [demonic ancestry]
  7405 | D:9      | Reached XP level 10. HP: 62/71 MP: 13/13
  7842 | D:10     | Entered Level 10 of the Dungeon
  7914 | D:10     | Noticed a two-headed ogre
  7917 | D:10     | Killed a two-headed ogre
  7945 | D:10     | Found a flagged portal.
  7972 | Bailey   | Entered a bailey
  8062 | Bailey   | Noticed a gargoyle
  8066 | Bailey   | Killed a gargoyle
  8088 | Bailey   | HP: 1/73 [vampire/+2 vampiric halberd (18)]
  8088 | Bailey   | Mangled by a vampire

Illustrated notes

Levels and vault maps discovered:
D:1:      heliophobic_arrival_battle_scene, layout_basic,
          shapermc_ecumenical_altar_gd, minmay_misc_feat_hallway
D:2:      layout_rooms, uniq_terence
D:3:      layout_loops_ring
D:4:      layout_rooms, grunt_ministairs_9, uniq_duvessa
D:5:      layout_cave_pools, nicolae_dithmenos_through_a_glass_darkly,
          minmay_temple_entry_statues_fountains
D:6:      wad_crossroads, layout_rooms, grunt_decor_clamped, minmay_between
D:7:      layout_basic, serial_shops, shop
D:8:      layout_gridville, ebering_ghost_gozag, chequers_serial_rivers_marsh
D:9:      layout_basic, abandoned_shop
D:10:     layout_roguey, orc_0_dummy, enter_bailey_3, special_room
          [special_room_orc], uniq_sonja
Temple:   minmay_crystal_snake_temple
Bailey:   bailey_polearm_vampire_castle_hellmonk, bailey

Skill      XL: |  1  2  3  4  5  6  7  8  9 10 |
---------------+-------------------------------+-----
Armour         | 1 2 3 4 5 |  5.3
Polearms       | 3 4 5 6 7 8 |  8.0
Dodging        | 3 4 5 6 7 8 |  8.0
Fighting       | 3 4 5 6 7 8 |  8.4
Invocations    | 5 7 |  7.0
Throwing       | |  1.7

Action                     |  1- 3 |  4- 6 |  7- 9 | 10-12 || total
---------------------------+-------+-------+-------+-------++-------
  Melee: Trident           |   148 |   132 |   414 |    75 ||   769
         Punch             |       |     1 |     7 |       ||     8
         Unarmed           |       |     7 |       |       ||     7
         Touch             |       |       |    12 |     8 ||    20
  Throw: Throwing net      |     3 |     3 |       |       ||     6
 Invoke: Recall Ancestor   |       |       |     1 |       ||     1
         Ancestor Life: He |       |       |     1 |       ||     1
    Use: Scroll            |     4 |     2 |    15 |     3 ||    24
         Potion            |     2 |       |       |       ||     2
   Stab: Sleeping          |     4 |       |     2 |     1 ||     7
         Distracted        |       |       |     3 |     3 ||     6
         Confused          |       |       |     6 |     2 ||     8
 Armour: Leather armour    |    67 |    63 |   255 |    56 ||   441
         Skin              |       |     9 |       |       ||     9
  Dodge: Dodged            |    69 |    77 |   251 |    33 ||   430

Table legend: (Time is in decaauts)
 A = Elapsed time spent in this place.
 B = Non-inter-level travel time spent in this place.
 C = Inter-level travel time spent in this place.
 D = Time resting spent in this place.
 E = Time spent auto-exploring this place.
 F = Levels seen in this place.
 G = Mean time per level.
                   A        B        C        D        E       F      G
               +--------+--------+--------+--------+--------+-----+--------+
         Total |   8185 |   7823 |    362 |    436 |   5664 |  12 |  682.1 |
       Dungeon |   7985 |   7656 |    329 |    436 |   5604 |  10 |  798.5 |
        Temple |     73 |     40 |     33 |      0 |      5 |   1 |   73.0 |
        Bailey |    126 |    126 |      0 |      0 |     55 |   1 |  126.0 |
               +--------+--------+--------+--------+--------+-----+--------+

Top non-repeatable levels by time:
     D:4: 1277 daAuts
     D:7: 966 daAuts
     D:6: 926 daAuts
     D:9: 897 daAuts
     D:1: 896 daAuts
     D:5: 842 daAuts
     D:8: 788 daAuts
     D:3: 773 daAuts
     D:2: 479 daAuts
    D:10: 138 daAuts
  Bailey: 126 daAuts
  Temple: 73 daAuts
